 Dungeon Sprint DCSS version 0.26.1-11-gd32895ea62 (webtiles) character file.

Game seed: 18123740606424543963

1512 boopmooplesden the Fighter (level 8, -6/83 HPs)
             Began as a Minotaur Fighter on July 23, 2021.
             Was a Believer of Okawaru.
             Shot with an arrow by a centaur warrior (12 damage)
             ... in the Dungeon (Sprint I: "Red Sonja").
             The game lasted 00:03:42 (1078 turns).

boopmooplesden the Fighter (Minotaur Fighter)       Turns: 1078, Time: 00:03:43

Health: -6/83      AC: 10    Str: 22    XL:     8   Next: 53%
Magic:  7/7        EV:  7    Int:  5    God:    Okawaru [**....]
Gold:   347        SH: 12    Dex: 11    Spells: 7/7 levels left

rFire    . . .     SeeInvis .   a - +0 war axe
rCold    . . .     Faith    .   c - +0 kite shield
rNeg     . . .     Spirit   .   b - +0 scale mail
rPois    .         Reflect  .   (helmet restricted)
rElec    .         Harm     .   (no cloak)
rCorr    .         Rampage  .   i - +0 pair of gloves
Will     .....     NoTele   +   (no boots)
Stlth    ..........             (no amulet)
HPRegen  0.23/turn              k - -4 ring of evasion (curse)
MPRegen  0.10/turn              (no ring)

@: no status effects
A: retaliatory headbutt, horns 2
a: Renounce Religion, Heroism


You were in the Dungeon.
You worshipped Okawaru.
Okawaru was pleased with you.
You visited 1 branch You collected 521 gold pieces.
You spent 174 gold pieces at shops.

Inventory:

Hand Weapons
 a - a +0 war axe (weapon)
Missiles
 f - 3 curare-tipped darts (quivered)
Armour
 b - a +0 scale mail (worn)
 c - a +0 kite shield (worn)
 i - a +0 pair of gloves (worn)
Jewellery
 k - a cursed -4 ring of evasion (left hand)
Scrolls
 j - a scroll of blinking
 l - a scroll of enchant weapon {unknown}
Potions
 d - a potion of might
 e - a potion of mutation {unknown}
 g - a potion of haste
 h - 2 potions of magic


   Skills:
 + Level 11.8 Fighting
 + Level 10.7 Axes
 + Level 1.0 Throwing
 + Level 11.6 Armour
 + Level 4.3 Dodging
 + Level 1.2 Stealth
 + Level 11.7 Shields


You had 7 spell levels left.
You didn't know any spells.
Your spell library contained the following spells:

 Spells                   Type           Power        Failure   Level
 Confusing Touch          Hex            0%           99%         3
 Gell's Gravitas          Tloc           0%           99%         3
 Petrify                  Tmut/Erth      0%           100%        4
 Metabolic Englaciation   Hex/Ice        0%           100%        5
 Yara's Violent Unravell  Hex/Tmut       0%           100%        5


Dungeon Overview and Level Annotations

Branches:
Dungeon (1/1)

Altars:
Cheibriados
Dithmenos
Elyvilon
Fedhas
Gozag
Hepliaklqana
Kikubaaqudgha
Nemelex Xobeh
Okawaru
Qazlal
Ru
Sif Muna
Trog
Uskayaw
Vehumet
Wu Jian
Yredelemnul
Zin
The Shining One

Shops:
D [*


Innate Abilities, Weirdness & Mutations

You reflexively headbutt those who attack you in melee.
You have a pair of horns on your head.


Message History

The centaur warrior is moderately wounded.
You slash the centaur warrior!
The centaur warrior hits you with a +0 flail!
You block the centaur warrior's attack.
The centaur warrior unwields a +0 flail.
The centaur warrior wields a +0 shortbow.
The centaur warrior shoots an arrow.
The arrow hits you! The centaur warrior hits you!
You see here 2 arrows.
The centaur warrior wields a +0 shortbow.
The centaur warrior shoots an arrow.
You block the arrow.
The centaur warrior shoots an arrow.
The arrow hits you!
* * * LOW HITPOINT WARNING * * *
Things that are here:
4 arrows; a spear You fail to use your ability.
The centaur warrior shoots an arrow.
The arrow hits you!
* * * LOW HITPOINT WARNING * * *
The centaur warrior shoots an arrow.
The arrow hits you!
You die...

################
#<.#..').#..'..#
#..').#..').#..+
#..#####'#####'#
#..####..#...#@####§§
#..#__####..##§#§§§.§
#..#_____##'#_cc§§§
#⌠⌠#_.∩...'..._#≈§§..#
####_..__##_.#+##+####
#_____###'# #.)..#
############.####'###
#∩^.......'...÷.....+
###++++####...#######


You could see 2 centaur warriors.

Vanquished Creatures
  Sonja (D)
  A deep troll (D)
  Sigmund (D)
  A yak (D)
  An ogre (D)
  A jelly (D)
  Ijyb (D)
7 creatures vanquished.

Vanquished Creatures (others)
  A gargoyle (D)
1 creature vanquished.

Grand Total: 8 creatures vanquished

Notes
Turn   | Place    | Note
-------+----------+-------------------------------------------
     0 | D        | boopmooplesden the Minotaur Fighter began the quest for the
                  | Orb.
     0 | D        | Reached XP level 1. HP: 19/19 MP: 0/0
     1 | D        | Noticed Ijyb
    14 | D        | Killed Ijyb
    15 | D        | Reached skill level 5 in Fighting
    15 | D        | Reached skill level 5 in Armour
    15 | D        | Reached skill level 5 in Shields
    15 | D        | Reached XP level 2. HP: 29/29 MP: 1/1
    18 | D        | Noticed an ogre
    25 | D        | Killed an ogre
    26 | D        | Reached XP level 3. HP: 23/39 MP: 2/2
    26 | D        | Reached XP level 4. HP: 28/47 MP: 3/3
   151 | D        | Noticed Sigmund
   156 | D        | Killed Sigmund
   157 | D        | Reached skill level 1 in Dodging
   157 | D        | Reached XP level 5. HP: 38/57 MP: 4/4
   286 | D        | Found an ornate altar of the Wu Jian Council.
   286 | D        | Found a shimmering blue altar of Sif Muna.
   288 | D        | Found a radiant altar of Vehumet.
   291 | D        | Reached XP level 6. HP: 60/63 MP: 5/5
   313 | D        | Found Eczogu Veal's General Store.
   313 | D        | Found an ancient bone altar of Kikubaaqudgha.
   313 | D        | Found a hazy altar of Hepliaklqana.
   313 | D        | Found a hide-covered altar of Uskayaw.
   313 | D        | Found a basalt altar of Yredelemnul.
   313 | D        | Found an opulent altar of Gozag.
   313 | D        | Found a snail-covered altar of Cheibriados.
   313 | D        | Found a sacrificial altar of Ru.
   313 | D        | Found a shadowy altar of Dithmenos.
   313 | D        | Noticed a yak
   319 | D        | Killed a yak
   320 | D        | Reached skill level 10 in Fighting
   320 | D        | Found a stormy altar of Qazlal.
   320 | D        | Found a blossoming altar of Fedhas.
   320 | D        | Found a bloodstained altar of Trog.
   320 | D        | Found an iron altar of Okawaru.
   320 | D        | Found a glowing golden altar of the Shining One.
   320 | D        | Found a glowing silver altar of Zin.
   320 | D        | Found a white marble altar of Elyvilon.
   321 | D        | Found a sparkling altar of Nemelex Xobeh.
   327 | D        | Became a worshipper of Warmaster Okawaru
   329 | D        | Bought a scroll of fear for 35 gold pieces
   335 | D        | Noticed Sonja
   372 | D        | Killed Sonja
   372 | D        | Reached * piety under Okawaru
   373 | D        | Reached skill level 10 in Armour
   373 | D        | Reached XP level 7. HP: 4/74 MP: 6/6
   694 | D        | Noticed a deep troll
   705 | D        | Killed a deep troll
   705 | D        | Reached ** piety under Okawaru
   706 | D        | Reached skill level 10 in Axes
   706 | D        | Reached skill level 1 in Throwing
   706 | D        | Reached skill level 1 in Stealth
   706 | D        | Reached XP level 8. HP: 13/83 MP: 4/7
   918 | D        | Killed a gargoyle
  1015 | D        | Found Erowna's Antique Armour Boutique.
  1023 | D        | Bought a pair of gloves for 139 gold pieces
  1065 | D        | Noticed a centaur warrior
  1072 | D        | Noticed a centaur warrior
  1078 | D        | Shot with an arrow by a centaur warrior

Illustrated notes

Levels and vault maps discovered:
D:        dungeon_sprint_1 [red_sonja_temple_1, red_sonja_temple_small_1]

Skill      XL: |  1  2  3  4  5  6  7 |
---------------+----------------------+-----
Fighting       | 5 7 9 11 | 11.8
Axes           | 3 4 6 9 10 | 10.7
Armour         | 5 6 8 10 11 | 11.6
Shields        | 5 6 8 11 | 11.7
Dodging        | 1 3 4 |  4.3
Throwing       | 1 |  1.0
Stealth        | 1 |  1.2

Action                   |  1- 3 |  4- 6 |  7- 9 || total
-------------------------+-------+-------+-------++-------
Melee: War axe           |    19 |    23 |     6 ||    48
       Headbutt          |     3 |     2 |     1 ||     6
Throw: Dart              |       |       |     4 ||     4
Invok: Heroism           |       |       |     1 ||     1
  Use: Potion            |       |     3 |       ||     3
       Scroll            |       |     1 |       ||     1
Armor: Scale mail        |     6 |    36 |     2 ||    44
Dodge: Dodged            |     5 |     8 |     4 ||    17
Block: Kite shield       |     7 |    31 |    10 ||    48
